 Dungeon Crawl Stone Soup version 0.21-a0-509-gecc5317 (webtiles) character file.

92 dvd the Cudgeler (level 4, -1/45 HPs)
             Began as a Troll Berserker on Nov 30, 2017.
             Was a Believer of Trog.
             Slain by Natasha (5 damage)
             ... on level 2 of the Dungeon.
             The game lasted 00:04:19 (1410 turns).

dvd the Cudgeler (Troll Berserker)                  Turns: 1410, Time: 00:04:19

Health: -1/45      AC:  5    Str: 29    XL:     4   Next: 35%
Magic:  3/3        EV: 10    Int: -3    God:    Trog [**....]
Gold:   70         SH:  0    Dex: 10    Spells: 3/3 levels left

rFire    . . .     SeeInvis .   a - +0 mace
rCold    . . .     Gourm    +   (no shield)
rNeg     . . .     Faith    .   b - +0 animal skin
rPois    .         Spirit   .   (helmet restricted)
rElec    .         Reflect  .   (no cloak)
rCorr    .         Harm     .   (gloves unavailable)
MR       .....                  (boots unavailable)
Stlth    +.........             (no amulet)
HPRegen  0.55/turn              h - +4 ring of strength
MPRegen  0.08/turn              j - -6 ring of intelligence (curse)

@: berserk cooldown, slowed, lost intelligence, very slow
A: large, unfitting armour, claws 3, fast metabolism 3, gourmand, regeneration
1, shaggy fur 1, tough skin 2
a: Berserk, Trog's Hand, Burn Spellbooks, Renounce Religion


You were on level 2 of the Dungeon.
You worshipped Trog.
Trog was pleased with you.
You were hungry.

You visited 1 branch of the dungeon, and saw 2 of its levels.

You collected 70 gold pieces.

Inventory:

Hand Weapons
 a - a +0 mace (weapon)
 m - a +0 dagger of venom
Missiles
 i - 64 stones
 o - 5 tomahawks (quivered)
Armour
 b - a +0 animal skin (worn)
Jewellery
 h - a +4 ring of strength (left claw)
 j - a cursed -6 ring of intelligence (right claw)
 k - an uncursed ring of positive energy
Scrolls
 g - 2 scrolls of teleportation
Potions
 d - 2 potions of agility {unknown}
 e - a potion of berserk rage {unknown}
 f - 3 potions of flight
 n - 2 potions of heal wounds {unknown}
 q - a potion of lignification {unknown}
Comestibles
 c - 2 bread rations
 l - 4 fruits
 p - a meat ration


   Skills:
 + Level 3.1 Fighting
 + Level 3.4 Maces & Flails
 + Level 0.9 Throwing
 + Level 2.8 Dodging
 + Level 0.3 Stealth


You had 3 spell levels left.
You didn't know any spells.

Dungeon Overview and Level Annotations

Branches:
Dungeon (2/15)

Altars:

Annotations:
D:2 Natasha


Innate Abilities, Weirdness & Mutations

You are too large for most types of armour.
You have claws for hands.
Your metabolism is lightning-fast.
You like to eat raw meat.
Your natural rate of healing is unusually fast.
You are covered in fur. (AC +1)
You have very tough skin. (AC +2)


Message History

Okay, then.
Unknown command.
You closely miss Natasha.
Natasha is almost dead.
Natasha stares at you and mumbles some strange words.
You feel as though you will be slow longer.
Natasha casts a spell.
You hit Natasha.
Natasha is almost dead.
Natasha claws you but does no damage. Natasha claws you.
* * * LOW HITPOINT WARNING * * *
Unknown command.
You miss Natasha.
Natasha is almost dead.
Natasha mumbles some strange words.
Natasha claws you but does no damage.
You hit Natasha but do no damage.
Natasha is almost dead.
Natasha claws you.
You die...

.......# #..# ###.##.... .......#
##.# #.##.### .......# ####.####
######.##.##. .......# #.......#
#......##.##. .......# #.......#
#......##.##. .......# #.......#
#.........##.
......)########)#####......#####.
.................5...........>##.
.......#########@####.......#.##.
...?...# #h# ####....#.##.
######## #5## ###..#.##.
#####5.########.##.##.
#..................##.
#.............#.#####.
#.............#..####.
#.............#.......
#.............#..#####


You could see an iron imp, Natasha, a white imp and a shadow imp.

Vanquished Creatures
  Natasha (twice) (D:2)
  An ooze (D:2)
  2 dart slugs (D:1)
  A leopard gecko (D:1)
  A giant cockroach (D:1)
  4 goblins
  2 hobgoblins
  2 quokkas (D:2)
  4 bats
  3 frilled lizards (D:2)
  9 kobolds
  3 rats
34 creatures vanquished.

Notes
Turn   | Place    | Note
-------+----------+-------------------------------------------
     0 | D:1      | dvd the Troll Berserker began the quest for the Orb.
     0 | D:1      | Reached XP level 1. HP: 22/22 MP: 0/0
   223 | D:1      | Reached XP level 2. HP: 29/29 MP: 1/1
   413 | D:1      | Lost intelligence.
   880 | D:2      | Reached XP level 3. HP: 29/37 MP: 2/2
  1092 | D:2      | Noticed Natasha
  1095 | D:2      | Reached ** piety under Trog
  1109 | D:2      | Killed Natasha
  1321 | D:2      | Reached XP level 4. HP: 40/45 MP: 3/3
  1382 | D:2      | Noticed Natasha
  1390 | D:2      | Killed Natasha
  1396 | D:2      | Noticed Natasha
  1408 | D:2      | HP: 2/45 [Natasha (6)]
  1410 | D:2      | Slain by Natasha

Vault maps used:
D:1:      dpeg_arrival_simpleton_c, due_unseen_surprise
D:2:      hangedman_glass_teeth, kennysheep_generic_room_15, uniq_natasha

Skill      XL: |  1  2 |
---------------+-------+-----
Maces & Flails | 3 |  3.4
Fighting       | 3 |  3.1
Throwing       | |  0.9
Dodging        | |  2.8
Stealth        | |  0.3

Action                   |  1- 3 |  4- 6 || total
-------------------------+-------+-------++-------
Melee: Mace              |    95 |    19 ||   114
Throw: Stone             |    31 |       ||    31
       Tomahawk          |     4 |       ||     4
Invok: Trog's Hand       |     1 |       ||     1
       Berserk           |       |     1 ||     1
  Use: Scroll            |     4 |       ||     4
  Eat: Chunk             |    14 |     1 ||    15
Armor: Animal skin       |    57 |     5 ||    62
Dodge: Dodged            |    64 |     6 ||    70

Table legend:
 A = Spawn XP
 B = Non-spawn XP
 C = Spawn XP percentage of total XP
 D = Spawn monster count
 E = Non-spawn monster count
 F = Spawn count percentage of total count
 G = Total turns spent on level
                    A         B        C        D         E        F      G
               +---------+---------+-------+---------+---------+-------+---------
         Total |       0 |     132 |   0.0 |       0 |      34 |   0.0 |  1410
               +---------+---------+-------+---------+---------+-------+---------
           D:1 |       0 |      26 |   0.0 |       0 |      12 |   0.0 |   752
           D:2 |       0 |     106 |   0.0 |       0 |      22 |   0.0 |   658
               +---------+---------+-------+---------+---------+-------+---------
